 Dungeon Crawl Stone Soup version bcrawl-1.36.5b (webtiles) character file.

Game seed: 8673725738725955114

181249 CuBeRJAN3 the Sneak (level 8, -1/41 HPs)
             Began as a Gargoyle Fire Elementalist on Aug 23, 2022.
             Was a Priest of Sif Muna.
             Slain by an orc warrior
             ... wielding a +0 dire flail
              (23 damage)
             ... on level 6 of the Dungeon on Aug 24, 2022.
             The game lasted 00:28:31 (6863 turns).

CuBeRJAN3 the Sneak (Gargoyle Fire Elementalist)    Turns: 6863, Time: 00:28:32

Health: -1/41      AC:  9    Str: 12    XL:     8   Next: 52%
Magic:  7/14       EV: 13    Int: 18    God:    Sif Muna [***...]
Gold:   85         SH:  0    Dex: 10    Spells: 2/15 levels left

rFire    . . .     GDR:     32% a - +0 hunting sling
rCold    . . .     SeeInvis .   (no shield)
rNeg     + . .     Gourm    .   h - +2 robe
rPois    ∞         Faith    .   (no helmet)
rElec    +         Spirit   .   (no cloak)
rCorr    .         Reflect  .   (no gloves)
MR       +....                  (no boots)
Stlth    +++.......             (no amulet)
HPRegen  0.13/turn              f - ring of protection from magic
MPRegen  0.14/turn              (no ring)

@: no status effects
A: negative energy resistance 1, electricity resistance, unbreathing,
petrification resistance, rot immunity, AC +5
a: Divine Energy, Channel Magic, Renounce Religion


You were on level 6 of the Dungeon.
You worshipped Sif Muna.
Sif Muna was most pleased with you.
You were not hungry.

You visited 1 branch of the dungeon, and saw 6 of its levels.

You collected 422 gold pieces.
You spent 337 gold pieces at shops.

Inventory:

Hand Weapons
 a - a +0 hunting sling (weapon)
 b - a +2 dagger of venom
Missiles
 d - 521 stones (quivered)
Armour
 h - a +2 robe (worn)
Jewellery
 f - a ring of protection from magic (left hand)
Wands
 c - a wand of flame (20)
 o - a wand of clouds (6)
 q - a wand of acid (7)
Scrolls
 g - 2 scrolls of enchant armour
 j - 4 scrolls of fear
 l - 4 scrolls of teleportation
 m - 3 scrolls of remove curse {unknown}
 r - a scroll of noise {unknown}
 s - a scroll of fog {unknown}
 u - a scroll of immolation {unknown}
 v - a scroll of silence
 w - a scroll of acquirement {unknown}
Potions
 i - 2 potions of heal wounds {unknown}
 k - 5 potions of haste
 n - a potion of curing
 p - a potion of lignification {unknown}
 t - 2 potions of flight {unknown}
Comestibles
 e - 5 rations {!d}
 x - 2 chunks of flesh


   Skills:
 + Level 1.5 Short Blades
 + Level 3.8 Dodging
 + Level 5.5 Stealth
 + Level 4.2 Spellcasting
 + Level 4.6 Conjurations
 + Level 5.1 Fire Magic
 + Level 1.4 Air Magic
 + Level 0.1 Invocations


You had 2 spell levels left.
You knew the following spells:

 Your Spells              Type           Power        Failure   Level  Hunger
a - Flame Tongue          Conj/Fire      ###..        1%          1    None
b - Conjure Flame         Conj/Fire      ###.....     6%          3    ###....
c - Inner Flame           Hex/Fire       N/A          16%         3    ###....
d - Swiftness             Chrm/Air       #.......     16%         2    None
e - Sticky Flame          Conj/Fire      ###.....     19%         4    #####..

Your spell library contained the following spells:

 Spells                   Type           Power        Failure   Level  Hunger
 Magic Dart               Conj           ###.         1%          1    None
 Shock                    Conj/Air       ##...        4%          1    None
 Flaming Arrows           Chrm/Fire      ##......     8%          2    None
 Dazzling Orbs            Conj/Hex       ##.....      17%         3    ###....
 Stone Arrow              Conj/Erth      ##....       17%         3    ###....
 Static Discharge         Air            #.......     24%         3    ###....
 Fireball                 Conj/Fire      ###.......   47%         5    ######.
 Airstrike                Air            #.........   61%         4    #####..
 Lightning Bolt           Conj/Air       ##........   75%         5    ######.
 Iskenderun's Battlesphe  Conj/Chrm      ##......     83%         5    ######.
 Venom Bolt               Conj/Pois      ##........   83%         5    ######.
 Bolt of Cold             Conj/Ice       ##........   100%        6    #######
 Chain Lightning          Conj/Air       ##........   100%        8    #######


Dungeon Overview and Level Annotations

Branches:
Dungeon (6/12)
 Temple: D:4-7

Altars:
Ashenzari
Elyvilon
Gozag
Hepliaklqana
Okawaru
Ru
Sif Muna
Yredelemnul

Shops:
D:4 *   D:6 ?

Annotations:
D:4 Eustachio


Innate Abilities, Weirdness & Mutations

You are resistant to torment.
Your stone body is resilient. (AC +5)
You are immune to poison.
You resist negative energy. (rN+)
You are resistant to electric shocks. (rElec)
You can survive without breathing.
You are immune to petrification.
You are immune to rotting.


Message History

Aim: an orc warrior, wielding a +0 dire flail and wearing a +0 chain mail (heavily wounded)
The flame tongue misses the orc warrior.
Casting: Flame Tongue (safe; 1% risk of failure)
Confirm with . or Enter, or press ? or * to list all spells.
Aiming: Flame Tongue (safe; 1% risk of failure)
Press: ? - help, Shift-Dir - straight line, f/p - orc warrior
Aim: an orc warrior, wielding a +0 dire flail and wearing a +0 chain mail (heavily wounded)
The flame tongue hits the orc warrior.
The orc warrior is severely wounded.
The orc warrior hits you but does no damage.
Casting: Flame Tongue (safe; 1% risk of failure)
Confirm with . or Enter, or press ? or * to list all spells.
Aiming: Flame Tongue (safe; 1% risk of failure)
Press: ? - help, Shift-Dir - straight line, f/p - orc warrior
Aim: an orc warrior, wielding a +0 dire flail and wearing a +0 chain mail (severely wounded)
The flame tongue hits the orc warrior but does no damage.
The orc warrior is severely wounded.
The orc warrior hits you with a +0 dire flail!!
Ouch! That really hurt!
You die...

#......8.....#
#............#
#....8<∩.8...#
#............#
#......8.....#
#............#
#.<..........#
#............####
###.......@.....#
#......(o.....#
#..>..........#
#.............#
#.............#
#.............#
#.............#
#.............#
#.............#


You could see an orc warrior.

Vanquished Creatures
  A sky beast (D:5)
  2 ice beasts
  An ogre (D:4)
  2 centaurs (D:6)
  A scorpion (D:5)
  2 orc priests (D:6)
  4 crimson imps
  A bullfrog zombie (D:6)
  A hound (D:5)
  2 bullfrog skeletons
  2 iguanas (D:4)
  An orc wizard (D:5)
  6 worker ants
  A killer bee zombie (D:5)
  A hound zombie (D:5)
  A worker ant zombie (D:5)
  A howler monkey skeleton (D:5)
  3 adders
  5 worms
  2 dart slugs
  7 leopard geckos
  12 orcs
  5 bats (D:1)
  2 giant cockroaches (D:1)
  4 goblins
  8 hobgoblins
  8 jackals
  2 quokkas
  3 ball pythons
  5 frilled lizards
  7 kobolds
  A quokka skeleton (D:4)
  3 rats
107 creatures vanquished.

Notes
Turn   | Place    | Note
-------+----------+-------------------------------------------
     0 | D:1      | CuBeRJAN3 the Gargoyle Fire Elementalist began the quest
                  | for the Orb.
     0 | D:1      | Reached XP level 1. HP: 10/10 MP: 3/3
   296 | D:1      | Reached XP level 2. HP: 15/15 MP: 3/5
   810 | D:1      | Reached XP level 3. HP: 19/19 MP: 2/6
  1198 | D:2      | Found a shimmering blue altar of Sif Muna.
  1235 | D:2      | Learned a level 3 spell: Conjure Flame
  1240 | D:2      | Became a worshipper of Sif Muna the Loreminder
  1287 | D:2      | Found a hazy altar of Hepliaklqana.
  1305 | D:2      | Got a heavily runed tin ring
  1665 | D:2      | Found an iron altar of Okawaru.
  1665 | D:2      | Found a basalt altar of Yredelemnul.
  1744 | D:2      | Reached XP level 4. HP: 24/24 MP: 7/7
  1804 | D:2      | Learned a level 3 spell: Inner Flame
  1993 | D:2      | Found a white marble altar of Elyvilon.
  2286 | D:3      | Found an opulent altar of Gozag.
  2384 | D:3      | Found a shattered altar of Ashenzari.
  2886 | D:3      | Reached XP level 5. HP: 16/28 MP: 4/9
  3261 | D:4      | Reached * piety under Sif Muna
  3342 | D:4      | Found Afruvyil's Serpentskin Sales.
  3383 | D:4      | Noticed Eustachio
  3651 | D:3      | Identified Sif Muna's Almanac of Confrontation (Sif Muna
                  | gifted it to you on level 3 of the Dungeon)
  3651 | D:3      | Received a gift from Sif Muna
  3651 | D:3      | Reached XP level 6. HP: 20/32 MP: 10/10
  4081 | D:4      | Identified the cursed ring "Saluemij" {Ice +Fly rN+ Dex-5}
                  | (You found it on level 2 of the Dungeon)
  4273 | D:5      | Entered Level 5 of the Dungeon
  4287 | D:5      | Reached XP level 7. HP: 36/36 MP: 5/12
  4494 | D:5      | Reached ** piety under Sif Muna
  4543 | D:5      | Found a sacrificial altar of Ru.
  4873 | D:5      | Learned a level 2 spell: Swiftness
  5142 | D:5      | Noticed a hippogriff
  5212 | D:5      | Reached skill level 5 in Stealth
  5483 | D:6      | Found Wiow's Magic Scroll Shoppe.
  5513 | D:6      | Bought a scroll of identify for 30 gold pieces
  5513 | D:6      | Bought a scroll of identify for 30 gold pieces
  5513 | D:6      | Bought a scroll of teleportation for 45 gold pieces
  5513 | D:6      | Bought a scroll of silence for 112 gold pieces
  5513 | D:6      | Bought a scroll of identify for 30 gold pieces
  5513 | D:6      | Bought a scroll of teleportation for 45 gold pieces
  5513 | D:6      | Bought a scroll of teleportation for 45 gold pieces
  5589 | D:6      | Reached XP level 8. HP: 36/41 MP: 5/13
  5625 | D:6      | Learned a level 4 spell: Sticky Flame
  5965 | D:6      | Reached skill level 1 in Short Blades
  5965 | D:6      | Reached skill level 1 in Air Magic
  6129 | D:5      | Reached *** piety under Sif Muna
  6129 | D:5      | Reached skill level 5 in Fire Magic
  6863 | D:6      | Slain by an orc warrior

Skill      XL: |  1  2  3  4  5  6  7  8 |
---------------+-------------------------+-----
Stealth        | 3 4 5 |  5.5
Dodging        | 2 3 |  3.8
Conjurations   | 2 3 4 |  4.6
Spellcasting   | 3 4 |  4.2
Fire Magic     | 4 5 |  5.1
Short Blades   | 1 |  1.5
Air Magic      | 1 |  1.4
Invocations    | |  0.1

Action                   |  1- 3 |  4- 6 |  7- 9 || total
-------------------------+-------+-------+-------++-------
Melee: Unarmed           |     9 |       |       ||     9
       Dagger            |       |    57 |    21 ||    78
 Fire: Hunting sling     |    55 |    80 |    84 ||   219
 Cast: Flame Tongue      |    37 |    51 |   107 ||   195
       Conjure Flame     |     1 |     8 |     7 ||    16
       Swiftness         |       |       |     1 ||     1
Invok: Divine Energy     |     2 |       |       ||     2
       Stop Divine Energ |     2 |       |       ||     2
  Use: Scroll            |       |     2 |     6 ||     8
       Potion            |       |       |     1 ||     1
  Eat: Chunk             |     6 |    11 |     6 ||    23
       Ration            |       |     1 |     2 ||     3
Armor: Robe              |    23 |    36 |    48 ||   107
Dodge: Dodged            |    24 |    45 |    86 ||   155
